 Dungeon Crawl Stone Soup version 0.30-a0-937-ga0a21ad780 (webtiles) character file.

Game seed: 14294544425013246744

4523 avis the Grappler (level 9, -16/85 HPs)
             Began as a Demigod Transmuter on Mar 23, 2023.
             Engulfed by a cloud of flame (23 damage)
             ... on level 7 of the Dungeon on Mar 24, 2023.
             The game lasted 00:59:59 (8506 turns).

avis the Grappler (Demigod Transmuter)              Turns: 8506, Time: 00:59:59

Health: -16/85     AC:  7    Str: 19    XL:     9   Next: 96%
Magic:  0/20       EV: 16    Int: 15    God:
Gold:   67         SH:  0    Dex: 18    Spells: 8/18 levels left

rFire   x . .      SeeInvis .      - Unarmed
rCold   + + +      Faith    .    (shield currently unavailable)
rNeg    . . .      Spirit   +    X - melded +0 steam dragon scales
rPois   +          Reflect  .    A - melded +0 helmet
rElec   .          Rampage  .    (cloak currently unavailable)
rCorr   +                        L - melded +2 pair of gloves
Will    .....                    I - melded +0 pair of boots
Stlth   ++                       g - amulet of guardian spirit
HPRegen 0.34/turn                E - ring of resist corrosion
MPRegen 0.17/turn                H - +5 ring of evasion

@: ice-form
A: freezing attack, amphibious, boosted hp, large, high MP 1, forlorn, divine
attributes
a: End Transformation


You were on level 7 of the Dungeon.
You were a creature of crystalline ice.
You visited 1 branch of the dungeon, and saw 8 of its levels.
You also visited: Sewer and Ossuary.

You collected 373 gold pieces.
You spent 306 gold pieces at shops.

Inventory:

Hand Weapons
 v - a +0 long sword of holy wrath
 y - a +2 whip of flaming
 P - a +0 sling
 R - the +10 quarterstaff of the Bedazzling Gods {heavy, rCorr}
   (You found it on level 7 of the Dungeon)

   rCorr:     It protects you from acid and corrosion.
 W - a +2 heavy halberd
Missiles
 n - 13 boomerangs
 o - 5 poisoned darts
 p - 5 atropa-tipped darts
 J - 30 stones (quivered)
Armour
 a - a +0 robe
 d - a +0 pair of gloves
 h - a +1 plate armour of poison resistance
 A - a +0 helmet (melded)
 G - a +0 ring mail of poison resistance
 I - a +0 pair of boots (melded)
 L - a +2 pair of gloves (melded)
 X - +0 steam dragon scales (melded)
 Z - a +0 robe of fire resistance
Magical Staves
 u - a staff of death
 F - a staff of air
Jewellery
 g - an amulet of guardian spirit (around neck)
 E - a ring of resist corrosion (left front paw)
 H - a +5 ring of evasion (right front paw)
 T - an amulet of guardian spirit
Wands
 x - a wand of flame (46)
 V - a wand of light (8)
 Y - a wand of paralysis (4)
Scrolls
 e - a scroll of magic mapping {unknown}
 f - 4 scrolls of teleportation {unknown}
 i - a scroll of silence {unknown}
 k - 3 scrolls of amnesia
 m - 7 scrolls of blinking {unknown}
 r - a scroll of poison {unknown}
 s - 2 scrolls of brand weapon {unknown}
 t - 2 scrolls of butterflies {unknown}
 w - a scroll of enchant armour {unknown}
 D - a scroll of noise {unknown}
 K - a scroll of torment {unknown}
 M - a scroll of vulnerability {unknown}
 O - 2 scrolls of fear
 Q - 2 scrolls of enchant weapon
 S - a scroll of immolation {unknown}
Potions
 b - 4 potions of lignification
 c - 5 potions of flight
 l - 6 potions of curing
 q - a potion of might
 z - 2 potions of mutation
 B - 3 potions of degeneration
 C - a potion of berserk rage
 N - a potion of resistance
 U - 2 potions of haste


   Skills:
 - Level 4.0 Fighting
 - Level 4.0 Dodging
 * Level 9.9 Unarmed Combat
 - Level 5.0 Spellcasting
 - Level 5.0 Transmutations
 - Level 4.0 Ice Magic
 - Level 1.0 Poison Magic


You had 8 spell levels left.
You knew the following spells:

 Your Spells              Type           Power      Damage    Failure   Level
a - Beastly Appendage     Tmut           36%        N/A       1%          1
e - Wereblood             Tmut           18%        N/A       3%          2
p - Spider Form           Tmut/Pois      12%        N/A       14%         3
q - Ice Form              Ice/Tmut       17%        N/A       26%         4

Your spell library contained the following spells:

 Spells                   Type           Power      Damage    Failure   Level
 Apportation              Tloc           6%         N/A       16%         1
 Shock                    Conj/Air       12%        1d3       16%         1
 Sublimation of Blood     Necr           3%         N/A       24%         2
 Mephitic Cloud           Conj/Pois/Air  4%         N/A       41%         3
 Gell's Gravitas          Tloc           3%         N/A       43%         3
 Teleport Other           Tloc           3%         N/A       43%         3
 Dispersal                Tloc           1%         N/A       100%        6
 Summon Hydra             Summ           1%         N/A       100%        7


Dungeon Overview and Level Annotations

Branches:
Dungeon (8/15)             Temple (0/1) D:7            Lair (0/5) D:8
  Sewer (visited)         Ossuary (visited)

Shops:
D:6 *   D:7 (

Annotations:
D:4 2 runed translucent doors, kiwi3s's ghost, amateur MiBe


Innate Abilities, Weirdness & Mutations

You are a creature of crystalline ice.
You have a powerful freezing melee attack.
You are amphibious.
Your maximum health is increased.
Your armour is entirely melded.
You are incapable of wielding weapons or throwing items.
You have an increased reservoir of magic. (+10% MP)
You shall have no god before yourself.
Your divine heritage dramatically boosts your attributes as you level up.


Message History

Your +0 pair of boots melds into your body.
Your +0 steam dragon scales melds into your body.
The wight misses you.
You pummel the wight!!
You destroy the wight!
A wight comes into view. It is wielding a +0 mace.
You barely miss the wight. The wight misses you.
You hit the wight but do no damage. You pummel the wight!!
You destroy the wight!
You pummel the wight!!
You destroy the wight!
You now have 67 gold pieces (gained 23).
Items here: ))) [[[.
Z - a +0 robe of fire resistance The fire crab breathes flames at you.
The blast of flame engulfs you! The fire burns you terribly!
You are engulfed in blazing flames.
The fire crab bites you but does no damage.
The fire crab barely misses you.
There is a stone staircase leading up here.
The fire crab misses you. x2
You climb upwards.
There is a stone staircase leading down here.
You pummel the fire crab!! You freeze the fire crab.
The fire crab is heavily wounded.
The fire crab bites you!
You are engulfed in flames!
The fire burns you terribly! The fire crab closely misses you.
You pummel the fire crab!! You freeze the fire crab.
The fire crab is almost dead.
The fire crab breathes flames at you. The blast of flame engulfs you.
The fire burns you terribly!
You punch the fire crab! You freeze the fire crab.
You kill the fire crab!
You are engulfed in blazing flames.
* * * LOW HITPOINT WARNING * * *
You feel much better.
You are engulfed in blazing flames.
* * * LOW HITPOINT WARNING * * *
You are engulfed in blazing flames.
You die...

#.# #.#####.##.#####.###
#.# #.# #.##.#####.# # #.#
#.# #..........# # #.#
#.########.##..### # #.#
#......# #.###.##### ##.##
######.# #.........#
##...## #.###.#######.#
#.....#######°....#.._..#..
#.....°°°°Y°°°....#.....#..
#.....###########.#.#)#.#..
##...## #.#8#.#8#.# #####
#.###.###.# #.........#
#######.... #####


There were no monsters in sight!

Vanquished Creatures
  A fire crab (D:7)
  Pikel (D:4)
  Maggie (D:7)
  A hornet (D:7)
  Grinder (D:4)
  Sigmund (D:4)
  A wraith (Ossuary)
  2 humans (D:7)
  A water moccasin (Sewer)
  Duvessa (D:5)
  An orc warrior (D:8)
  A hornet zombie (D:7)
  2 ice beasts
  A sky beast (D:7)
  A phantom (D:5)
  Blork the orc (D:4)
  2 bullfrogs
  A wyvern zombie (D:7)
  2 scorpions
  3 wights (D:8)
  Dowan (D:5)
  2 hounds
  A centaur zombie (D:7)
  A bullfrog zombie (D:7)
  5 orc priests
  3 jellies
  Ijyb (D:4)
  5 orc wizards
  3 iguanas
  2 killer bee zombies (D:7)
  3 mummies (Ossuary)
  A howler monkey zombie (D:7)
  4 gnolls
  7 adders
  4 white imps
  3 ufetubi
  2 worms
  A dart slug (D:1)
  21 orcs
  4 endoplasms
  10 giant cockroaches
  A gnoll zombie (Ossuary)
  6 goblins
  8 hobgoblins
  14 jackals
  5 kobolds
  6 quokkas
  10 ball pythons
  9 bats
  4 frilled lizards
  2 goblin zombies (Ossuary)
  2 hobgoblin zombies (Ossuary)
  A kobold zombie (Ossuary)
  3 rats
181 creatures vanquished.

Vanquished Creatures (others)
  An orc (D:8)
1 creature vanquished.

Grand Total: 182 creatures vanquished

Notes
Turn   | Place    | Note
-------+----------+-------------------------------------------
     0 | D:1      | avis the Demigod Transmuter began the quest for the Orb.
     0 | D:1      | Reached XP level 1. HP: 15/15 MP: 5/5
   227 | D:1      | Reached XP level 2. HP: 14/22 MP: 4/7
   429 | D:1      | Reached skill level 3 in Unarmed Combat
   484 | D:1      | Reached XP level 3. HP: 26/27 MP: 8/8
   526 | D:1      | Learned a level 3 spell: Spider Form
  1233 | D:1      | Reached skill level 4 in Unarmed Combat
  1233 | D:1      | Reached XP level 4. HP: 22/34 MP: 5/9
  1460 | D:2      | Reached skill level 1 in Poison Magic
  1463 | D:2      | Learned a level 2 spell: Wereblood
  1736 | D:2      | Upgraded the game from 0.30-a0-930-gb9d0489357 to
                  | 0.30-a0-937-ga0a21ad780
  2821 | D:4      | Noticed Blork the orc
  2935 | D:4      | Killed Blork the orc
  2936 | D:4      | Reached skill level 1 in Fighting
  2936 | D:4      | Reached XP level 5. HP: 37/41 MP: 7/12
  3193 | D:4      | Got the Book of Charged Location
  3242 | D:4      | Noticed Pikel
  3253 | D:4      | Killed Pikel
  3254 | D:4      | Reached skill level 6 in Unarmed Combat
  3254 | D:4      | Reached XP level 6. HP: 13/51 MP: 3/13
  3254 | D:4      | Reached XP level 7. HP: 14/57 MP: 3/14
  3405 | D:4      | Learned a level 4 spell: Ice Form
  3432 | D:4      | Noticed Sigmund
  3450 | D:4      | Killed Sigmund
  3545 | D:4      | Noticed Grinder
  3552 | D:4      | Paralysed by Grinder for 2 turns
  3562 | D:4      | Killed Grinder
  3987 | D:4      | Reached skill level 1 in Ice Magic
  3989 | D:4      | Noticed Ijyb
  4006 | D:4      | Killed Ijyb
  4405 | D:4      | Found a large runed translucent door.
  4405 | D:4      | Found a large runed translucent door.
  4409 | D:4      | Noticed kiwi3s's ghost (amateur MiBe)
  4491 | D:5      | Entered Level 5 of the Dungeon
  4491 | D:5      | Found a glowing drain.
  4514 | D:5      | Reached XP level 8. HP: 61/63 MP: 12/17
  4522 | Sewer    | Entered a sewer
  4792 | D:5      | Noticed Dowan
  4792 | D:5      | Noticed Duvessa
  4811 | D:5      | Killed Dowan
  5493 | D:5      | Killed Duvessa
  5494 | D:5      | Reached skill level 7 in Unarmed Combat
  5866 | D:6      | Found Ybehemi's General Store.
  6651 | D:6      | Bought a potion of resistance for 120 gold pieces
  6651 | D:6      | Bought a scroll of fear for 48 gold pieces
  6688 | D:7      | Reached skill level 8 in Unarmed Combat
  6764 | D:7      | Reached XP level 9. HP: 58/71 MP: 4/18
  6808 | D:7      | Found a staircase to the Ecumenical Temple.
  6862 | D:7      | Found a sand-covered staircase.
  6871 | Ossuary  | Entered an ossuary
  7316 | D:7      | Reached skill level 5 in Spellcasting
  7316 | D:7      | Identified the +10 quarterstaff of the Bedazzling Gods
                  | {heavy, rCorr}
  7328 | D:7      | Noticed Maggie
  7341 | D:7      | Killed Maggie
  7342 | D:7      | Reached skill level 5 in Transmutations
  7548 | D:7      | Found Ytuebigg's Weapon Shoppe.
  7622 | D:7      | Paralysed by a hornet for 2 turns
  8154 | D:6      | Bought a scroll of amnesia for 48 gold pieces
  8154 | D:6      | Bought a scroll of enchant weapon for 90 gold pieces
  8173 | D:8      | Noticed a fire crab
  8173 | D:8      | Found a staircase to the Lair.
  8191 | D:8      | Reached skill level 9 in Unarmed Combat
  8504 | D:7      | Killed a fire crab
  8506 | D:7      | Engulfed by a cloud of flame

Illustrated notes

Levels and vault maps discovered:
D:1:      minmay_arrival_jagged, layout_basic
D:2:      layout_rooms, basic_altar, amcnicky_mini_rare_corridor_liquid
D:3:      layout_basic, serial_curves, eino_curves_03, eino_curves_04,
          eino_curves_01, eino_curves_04, ebering_ecumenical_altar_sacrificial,
          minmay_misc_feat_five
D:4:      layout_loops_ring, mainiacjoe_overflow_paths,
          ebering_ghost_disaster_area, uniq_pikel, uniq_ijyb, uniq_sigmund,
          uniq_grinder, uniq_blork_the_orc
D:5:      layout_basic, mainiacjoe_overflow_alcove_1, grunt_dithmenos_shadows,
          gup_sewer_entry_glass, uniq_duvessa
D:6:      layout_rooms, serial_shops, shop_statue
D:7:      layout_loops_ring, okawaru_humans, nicolae_yredelemnul_corpse_copse,
          minmay_temple_entry_proselytizer, nicolae_ossuary_entry_monument,
          serial_shops, nicolae_shop_bloodbath_and_beyond, uniq_maggie
D:8:      layout_basic, minmay_lair_entry_lava

Skill      XL: |  1  2  3  4  5  6  7  8  9 |
---------------+----------------------------+-----
Transmutations | 2 3 4 5 |  5.0
Unarmed Combat | 3 4 6 8 9 |  9.9
Poison Magic   | 1 |  1.0
Spellcasting   | 3 4 5 |  5.0
Fighting       | 1 3 4 |  4.0
Dodging        | 2 3 4 |  4.0
Ice Magic      | 2 4 |  4.0

Action                     |  1- 3 |  4- 6 |  7- 9 || total
---------------------------+-------+-------+-------++-------
  Melee: Unarmed           |   130 |    80 |   322 ||   532
         Kick              |    35 |     5 |     4 ||    44
         Headbutt          |    17 |     1 |     3 ||    21
         Punch             |     2 |       |       ||     2
         Quarterstaff      |       |       |    25 ||    25
  Throw: Stone             |     5 |       |    10 ||    15
         Boomerang         |       |     2 |       ||     2
   Cast: Beastly Appendage |    25 |    10 |     6 ||    41
         Spider Form       |       |    15 |    42 ||    57
         Ice Form          |       |       |    12 ||    12
Ability: End Transformatio |       |       |     2 ||     2
    Use: Scroll            |       |       |     8 ||     8
         Potion            |       |       |     2 ||     2
   Stab: Sleeping          |     2 |     1 |     2 ||     5
         Invisible         |       |       |     3 ||     3
 Armour: Robe              |    31 |     4 |     3 ||    38
         Skin              |       |     2 |    16 ||    18
         Steam dragon scal |       |       |    11 ||    11
  Dodge: Dodged            |    73 |    54 |   281 ||   408

Table legend: (Time is in decaauts)
 A = Elapsed time spent in this place.
 B = Non-inter-level travel time spent in this place.
 C = Inter-level travel time spent in this place.
 D = Time resting spent in this place.
 E = Time spent auto-exploring this place.
 F = Levels seen in this place.
 G = Mean time per level.
                   A        B        C        D        E       F      G
               +--------+--------+--------+--------+--------+-----+--------+
         Total |   8503 |   7381 |   1122 |   1747 |   3082 |  10 |  850.3 |
       Dungeon |   7980 |   6858 |   1122 |   1675 |   3057 |   8 |  997.5 |
         Sewer |     99 |     99 |      0 |      0 |     11 |   1 |   99.0 |
       Ossuary |    423 |    423 |      0 |     72 |     14 |   1 |  423.0 |
               +--------+--------+--------+--------+--------+-----+--------+

Top non-repeatable levels by time:
     D:4: 1487 daAuts
     D:3: 1483 daAuts
     D:7: 1295 daAuts
     D:1: 1284 daAuts
     D:5: 1074 daAuts
     D:2: 659 daAuts
     D:6: 589 daAuts
 Ossuary: 423 daAuts
     D:8: 105 daAuts
   Sewer: 99 daAuts
